 Dungeon Crawl Stone Soup version 0.31-a0-369-g8eba5f6939 (webtiles) character file.

Game seed: 16895090809250901463

54364 Newt the Spear-Bearer (level 14, -4/103 HPs)
             Began as a Merfolk Gladiator on July 28, 2023.
             Was a High Priest of Hepliaklqana.
             Slain by an eight-headed hydra (11 damage)
             ... on level 5 of the Lair of Beasts.
             The game lasted 00:29:08 (16394 turns).

Newt the Spear-Bearer (Merfolk Gladiator)          Turns: 16394, Time: 00:29:08

Health: -4/103     AC: 22    Str: 19    XL:     14   Next: 72%
Magic:  20/20      EV: 17    Int:  7    God:    Hepliaklqana [*****.]
Gold:   929        SH:  0    Dex: 16    Spells: 15/15 levels left

rFire   . . .        x - +5 glaive (venom)
rCold   + . .        (shield currently unavailable)
rNeg    + . .        t - +1 shadow dragon scales
rPois   .            R - +1 helmet of the King of the Hill {rN+}
rElec   .            z - scarf {+Inv}
rCorr   .            y - +0 pair of gloves
SInv    .            (no boots)
Will    ++...        L - amulet of regeneration
Stlth   +++++        w - +5 ring of evasion
HPRegen 1.17/turn    J - ring "Qeypiniv" {rC+ Will+}
MPRegen 0.17/turn

%: no passive effects
@: slowed, studying Armour, very slow
A: reduced essence, (nimble swimmer 2), mertail
a: Renounce Religion, Evoke Invisibility, Recall Ancestor, Ancestor Identity,
Transference, Idealise


You were on level 5 of the Lair of Beasts.
You worshipped Hepliaklqana.
Hepliaklqana was extremely pleased with you.
You visited 3 branches of the dungeon, and saw 19 of its levels.
You also visited: Bailey, Gauntlet and Ice Cave.

You collected 1072 gold pieces.
You spent 143 gold pieces at shops.

Inventory:

Hand Weapons
 x - a +5 glaive of venom (weapon)
 D - a +3 trident
Armour
 t - +1 shadow dragon scales (worn)
 y - a +0 pair of gloves (worn)
 z - a scarf of invisibility (worn)
 R - the +1 helmet of the King of the Hill (worn) {rN+}
   (You found it in a Gauntlet)

   rN:        It protects you from negative energy.
Jewellery
 a - the ring of Kofet {*Slow Fly Will+ Int+6 Dex+4}
   (You found it in an ice cave)

   [ring of intelligence]

   Int:       It affects your intelligence (+6).
   Dex:       It affects your dexterity (+4).
   Fly:       It grants you flight.
   *Slow:     It may slow you when you take damage.
   Will:      It increases your willpower.
 e - a ring of fire
 f - a ring of ice
 h - a ring of flight
 i - a ring of willpower
 w - a +5 ring of evasion (left hand)
 J - the ring "Qeypiniv" (right hand) {rC+ Will+}
   (You found it on level 9 of the Dungeon)

   [ring of willpower]

   rC:        It protects you from cold.
   Will:      It increases your willpower.
 L - an amulet of regeneration (around neck)
 O - a ring of protection from cold
 S - the amulet of the Shining Light {RegenMP rN+ Str+3 Dex+3}
   (You found it in a Gauntlet)

   [amulet of magic regeneration]

   It increases your rate of magic regeneration.
   Str:       It affects your strength (+3).
   Dex:       It affects your dexterity (+3).
   rN:        It protects you from negative energy.
 X - a ring of poison resistance
 Y - a ring of wizardry
Wands
 l - a wand of flame (15)
 m - a wand of digging (10)
 K - a wand of polymorph (15)
 P - a wand of roots (1)
Scrolls
 s - 3 scrolls of amnesia
 A - 3 scrolls of teleportation
 E - 2 scrolls of silence
 N - a scroll of enchant armour
 T - 2 scrolls of blinking
 U - 9 scrolls of identify
 V - 2 scrolls of fog
Potions
 b - 2 potions of brilliance
 c - a potion of invisibility
 j - 3 potions of haste
 k - a potion of lignification
 n - a potion of heal wounds
 p - 5 potions of curing
 q - 4 potions of enlightenment
 v - 2 potions of berserk rage
 C - 3 potions of cancellation
 F - 2 potions of mutation
 G - 6 potions of might
 Z - a potion of magic


   Skills:
 - Level 12.0 Fighting
 - Level 12.0 Polearms
 - Level 2.0 Throwing
 - Level 12.0 Armour
 - Level 10.0 Dodging
 - Level 10.0 Stealth
 + Level 1.4 Spellcasting
 + Level 1.6 Summonings
 + Level 1.8 Ice Magic
 - Level 9.0 Invocations
 - Level 10.0 Evocations


You had 15 spell levels left.
You didn't know any spells.
Your spell library contained the following spells:

 Spells                   Type           Power      Damage    Failure   Level
 Necrotise                Necr           0%         1d4       96%         1
 Shock                    Conj/Air       0%         1d3       96%         1
 Slow                     Hex            0%         N/A       96%         1
 Sting                    Tmut/Pois      0%         1d3       96%         1
 Ensorcelled Hibernation  Hex/Ice        2%         N/A       96%         2
 Cigotuvi's Dreadful Rot  Necr/Pois/Air  0%         N/A       99%         2
 Passwall                 Tmut/Erth      0%         N/A       99%         2
 Poisonous Vapours        Pois/Air       0%         N/A       99%         2
 Confusing Touch          Hex            0%         N/A       100%        3
 Ignite Poison            Fire/Tmut/Pois 0%         N/A       100%        3
 Mephitic Cloud           Conj/Pois/Air  0%         N/A       100%        3
 Portal Projectile        Hex/Tloc       0%         N/A       100%        3
 Swiftness                Air            0%         N/A       100%        3
 Tukima's Dance           Hex            0%         N/A       100%        3
 Vampiric Draining        Necr           0%         2d6       100%        3
 Vhi's Electric Charge    Tloc/Air       0%         N/A       100%        3
 Anguish                  Hex/Necr       0%         N/A       100%        4
 Cause Fear               Hex            0%         N/A       100%        4
 Olgreb's Toxic Radiance  Pois           0%         N/A       100%        4
 Summon Ice Beast         Ice/Summ       2%         N/A       100%        4
 Agony                    Necr           0%         N/A       100%        5
 Freezing Cloud           Conj/Ice/Air   0%         6-21      100%        5
 Summon Mana Viper        Hex/Summ       1%         N/A       100%        5
 Conjure Ball Lightning   Conj/Air       0%         3x3d6     100%        6
 Enfeeble                 Hex            0%         N/A       100%        7
 Monstrous Menagerie      Summ           1%         N/A       100%        7
 Discord                  Hex            0%         N/A       100%        8
 Disjunction              Tloc           0%         N/A       100%        8
 Maxwell's Capacitive Co  Air            0%         ∞         100%        8


Dungeon Overview and Level Annotations

Branches:
Dungeon (13/15)            Temple (1/1) D:4            Lair (5/5) D:9
  Slime (0/5) Lair:5          Orc (0/2) D:10         Vaults (0/5) D:13
 Bailey (visited)           IceCv (visited)         Gauntlet (visited)
  Swamp: Lair:2-3    Shoals: Lair:2-3     Snake: Lair:2-3    Spider: Lair:2-3

Altars:
Ashenzari
Cheibriados
Dithmenos
Elyvilon
Fedhas
Gozag
Hepliaklqana
Kikubaaqudgha
Makhleb
Nemelex Xobeh
Okawaru
Qazlal
Ru
Sif Muna
Trog
Uskayaw
Vehumet
Wu Jian
Xom
Yredelemnul
Zin
The Shining One

Shops:
D:8 *

Annotations:
D:13 2 transporters, bakla's ghost, journeyman DsSh


Innate Abilities, Weirdness & Mutations

Your life essence is reduced to manifest your ancestor. (-10% HP)
((You are very nimble when in or above water. (Stealth+, EV+, Speed+++)))
Your lower body shifts to a powerful aquatic tail in water.


Message History

The seven-headed hydra bites you but does no damage.
You chop one of the seven-headed hydra's heads off!
The six-headed hydra grows two more!
You hit the eight-headed hydra.
The eight-headed hydra is almost dead.
The eight-headed hydra barely misses you.
The eight-headed hydra bites you.
* * * LOW HITPOINT WARNING * * *
The eight-headed hydra bites you.
* * * LOW HITPOINT WARNING * * *
The eight-headed hydra closely misses you.
The eight-headed hydra misses you. x2
The eight-headed hydra barely misses you.
The eight-headed hydra bites you!
* * * LOW HITPOINT WARNING * * *
The torpor snail bites Wigmund but does no damage.
Wigmund hits the eight-headed hydra with a +0 flail!
The eight-headed hydra bites Wigmund.
Wigmund blocks the eight-headed hydra's attack.
The eight-headed hydra bites Wigmund but does no damage. x2
Wigmund blocks the eight-headed hydra's attack.
The eight-headed hydra bites Wigmund! x2
The eight-headed hydra barely misses Wigmund.
The torpor snail barely misses Wigmund.
Unknown command.
Unknown command.
Aiming: Throw Flame
Press: ? - help, Shift-Dir - straight line, f/p - eight-headed hydra
Aim: an eight-headed hydra (almost dead, not watching you, ally target, 92% to hit)
The puff of flame hits the eight-headed hydra.
The eight-headed hydra is almost dead.
The eight-headed hydra bites you but does no damage.
The eight-headed hydra misses you. The eight-headed hydra bites you.
* * * LOW HITPOINT WARNING * * *
The eight-headed hydra bites you but does no damage.
The eight-headed hydra closely misses you.
The eight-headed hydra bites you.
* * * LOW HITPOINT WARNING * * *
The eight-headed hydra barely misses you.
The eight-headed hydra bites you!
You die...

##.#♣♣♣♣
##.....♣♣♣
.........♣♣♣
.P.........♣♣♣
......♣♣♣♣♣.†♣♣♣
.P#...♣ ♣♣♣..♣♣
......♣ ♣♣..♣♣
.....♣♣ ♣♣..♣
...... ♣.@♣
......♣ ♣♣RD♣
..... ♣♣w.♣
...P. ♣..♣ .....
♣..♣ ..... ♣.♣
..... .. .....
♣♣ P....


You could see the friendly Wigmund the knight (slow), an eight-headed hydra
(ally target) and a torpor snail.

Vanquished Creatures
  Jorgrun (D:13)
  Nessos (D:12)
  Azrael (D:13)
  A minotaur (Gauntlet)
  Josephine (D:11)
  An entropy weaver (shapeshifter) (D:13)
  A hydra (Lair:4)
  A vault guard (D:13)
  2 boulder beetles
  4 death yaks (Lair:5)
  A two-headed ogre (D:11)
  2 skysharks (Lair:5)
  A wizard (D:10)
  A harpy (shapeshifter) (D:11)
  2 deep elf pyromancers (D:13)
  An oklob plant (D:12)
  3 ugly things
  A deep elf zephyrmancer (D:13)
  A manticore (D:13)
  A cyclops (D:13)
  3 black mambas (Lair:5)
  3 elephants
  3 ice statues (IceCv)
  An eye of devastation (Gauntlet)
  An unseen horror (D:11)
  A smoke demon (Gauntlet)
  4 cane toads
  A kobold demonologist (D:9)
  6 komodo dragons
  3 rime drakes (Lair:4)
  2 trolls
  A red devil (Gauntlet)
  3 hornets
  3 polar bears
  3 wraiths
  3 vampires
  A dire elephant simulacrum (IceCv)
  3 fire elementals (D:13)
  7 wyverns
  5 basilisks
  2 steam dragons
  30 yaks
  4 vampire mosquitoes (D:6)
  A golden eye (Gauntlet)
  A harpy simulacrum (IceCv)
  An acid dragon (D:11)
  10 water moccasins
  Duvessa (D:7)
  A hydra simulacrum (IceCv)
  2 hell hounds
  A swamp drake (D:10)
  2 sky beasts (D:6)
  3 black bears
  16 orc warriors
  An ogre (shapeshifter) (D:9)
  3 wolves (Lair:3)
  10 centaurs
  A phantom (D:5)
  A kobold brigand (D:9)
  2 bullfrogs
  A gnoll sergeant (D:7)
  5 scorpions
  2 cane toad simulacra (IceCv)
  8 wights
  Dowan (D:7)
  8 killer bees
  2 crimson imps (Gauntlet)
  3 jellies
  A gnoll bouda (D:7)
  4 hounds
  7 orc priests
  A sleepcap (D:5)
  Jessica (D:2)
  5 iguanas
  9 orc wizards
  8 hell rats
  8 gnolls
  5 adders
  5 river rats (Lair:1)
  9 white imps
  An ufetubus (D:5)
  2 dart slugs
  58 orcs
  10 ball pythons
  5 endoplasms
  A giant cockroach (D:2)
  6 goblins
  3 hobgoblins
  5 kobolds
  A quokka (D:3)
  3 bats
  8 frilled lizards
  5 rats
379 creatures vanquished.

Vanquished Creatures (collateral kills)
  4 hydras
  A catoblepas (Lair:4)
  A two-headed ogre (D:11)
  A death yak (D:9)
  A skyshark (Lair:4)
  An orange crystal statue (Gauntlet)
  A lindwurm (Lair:4)
  2 deep elf pyromancers (D:13)
  2 elephants (Lair:5)
  3 cane toads
  2 rime drakes (Lair:4)
  A komodo dragon (Lair:1)
  A hornet (D:12)
  12 yaks
  A vampire (D:12)
  2 wraiths (D:11)
  3 basilisks (Lair:4)
  2 hell hounds (D:13)
  2 water moccasins
  3 orc warriors (Bailey)
  A wolf (Lair:3)
  An ogre (D:7)
  3 centaurs
  3 bullfrogs (D:7)
  2 wights
  An oklob sapling (D:12)
  2 elephant simulacra (IceCv)
  A crimson imp (Gauntlet)
  2 jellies (Lair:5)
  An orc priest (D:10)
  2 orc wizards (D:9)
  A hell rat (Lair:4)
  2 gnolls
  An adder (D:12)
  2 river rats (Lair:1)
  6 white imps (Lair:1)
  9 orcs
  An endoplasm (Lair:5)
  A kobold (D:9)
  2 ball pythons (D:12)
  A rat (Lair:1)
91 creatures vanquished.

Vanquished Creatures (others)
  An ugly thing (IceCv)
  9 knights
  2 ancestors
12 creatures vanquished.

Grand Total: 482 creatures vanquished

Notes
Turn   | Place    | Note
-------+----------+-------------------------------------------
     0 | D:1      | Newt the Merfolk Gladiator began the quest for the Orb.
     0 | D:1      | Reached XP level 1. HP: 16/16 MP: 1/1
   106 | D:1      | Reached XP level 2. HP: 23/23 MP: 2/2
   681 | D:2      | Found a faded altar of an unknown god.
   688 | D:2      | Reached XP level 3. HP: 30/30 MP: 3/3
   763 | D:2      | Found a broken altar of Ashenzari.
   808 | D:2      | Noticed Jessica
   816 | D:2      | Killed Jessica
   822 | D:2      | Reached skill level 5 in Polearms
   822 | D:2      | Reached XP level 4. HP: 37/37 MP: 4/4
  1358 | D:3      | Found a shimmering altar of Xom.
  1617 | D:4      | Found a stormy altar of Qazlal.
  1670 | D:4      | Noticed a steam dragon
  1684 | D:4      | Killed a steam dragon
  1685 | D:4      | Reached skill level 5 in Dodging
  1685 | D:4      | Reached XP level 5. HP: 13/42 MP: 5/5
  1906 | D:4      | Reached XP level 6. HP: 48/48 MP: 6/6
  1921 | D:4      | Found a staircase to the Ecumenical Temple.
  1944 | Temple   | Entered the Ecumenical Temple
  1969 | Temple   | Became a worshipper of Hepliaklqana the Forgotten
  2043 | D:4      | Found a glowing silver altar of Zin.
  2370 | D:5      | Entered Level 5 of the Dungeon
  2398 | D:5      | Reached XP level 7. HP: 48/54 MP: 7/7
  2444 | D:5      | Reached skill level 1 in Stealth
  2926 | D:5      | Reached skill level 5 in Stealth
  3262 | D:5      | Reached skill level 1 in Armour
  3393 | D:5      | Reached XP level 8. HP: 60/60 MP: 8/8
  3436 | D:5      | Found a shadowy altar of Dithmenos.
  4070 | D:6      | Reached skill level 5 in Armour
  4239 | D:6      | Reached * piety under Hepliaklqana
  4259 | D:6      | Reached XP level 9. HP: 58/58 MP: 9/9
  4610 | D:6      | Identified the +0 ring mail "Cich" {rPois Regen+ SInv}
  4781 | D:7      | Reached skill level 10 in Polearms
  4793 | D:7      | Found an opulent altar of Gozag.
  5047 | D:7      | Noticed Duvessa
  5048 | D:7      | Noticed Dowan
  5053 | D:7      | Killed Duvessa
  5059 | D:7      | Killed Dowan
  5110 | D:7      | Noticed a komodo dragon
  5122 | D:7      | Killed a komodo dragon
  5378 | D:7      | Found an ancient bone altar of Kikubaaqudgha.
  5763 | D:8      | Reached XP level 10. HP: 63/63 MP: 10/10
  5872 | D:8      | Found a flagged portal.
  5893 | Bailey   | Entered a bailey
  5969 | Bailey   | Reached ** piety under Hepliaklqana
  5970 | Bailey   | Remembered your ancestor Wigmund as a knight
  6531 | D:8      | Found Zosaog's Hallowed Reliquary.
  6531 | D:8      | Noticed an angel
  6537 | D:8      | Bought a potion of heal wounds for 55 gold pieces
  6537 | D:8      | Bought a potion of heal wounds for 55 gold pieces
  6537 | D:8      | Bought a potion of curing for 33 gold pieces
  6833 | D:8      | Found a bloodstained altar of Trog.
  6965 | D:8      | Reached skill level 10 in Armour
  7089 | D:9      | Found a basalt altar of Yredelemnul.
  7112 | D:9      | Reached XP level 11. HP: 52/69 MP: 11/11
  7197 | D:9      | Noticed a death yak
  7221 | D:9      | Found a staircase to the Lair.
  7252 | D:9      | Killed a death yak
  7307 | D:9      | Identified the ring "Qeypiniv" {rC+ Will+}
  7585 | D:9      | Found an ornate altar of the Wu Jian Council.
  7585 | D:9      | Found an iron altar of Okawaru.
  7786 | D:10     | Entered Level 10 of the Dungeon
  7810 | D:10     | Noticed a wizard
  7818 | D:10     | Killed a wizard
  7833 | D:10     | Reached *** piety under Hepliaklqana
  7999 | D:10     | Found a staircase to the Orcish Mines.
  8232 | D:10     | Identified the +1 orcbow of Plog {drain, Str+4 Int-3 Dex+2}
  8444 | D:11     | Noticed a green ugly thing
  8448 | D:11     | Noticed a two-headed ogre
  8451 | D:11     | Killed a green ugly thing
  8455 | D:11     | Killed a two-headed ogre
  8480 | D:11     | Found a gate leading to a gauntlet.
  8486 | Gauntlet | Entered a Gauntlet
  8486 | Gauntlet | Found a transporter.
  8486 | Gauntlet | Found a large runed translucent door.
  8486 | Gauntlet | Found a large runed translucent door.
  8486 | Gauntlet | Found a large runed translucent door.
  8486 | Gauntlet | Found a large runed translucent door.
  8486 | Gauntlet | Found a runed translucent door.
  8486 | Gauntlet | Found a runed translucent door.
  8486 | Gauntlet | Found a large runed translucent door.
  8486 | Gauntlet | Found a large runed translucent door.
  8486 | Gauntlet | Found a large runed translucent door.
  8486 | Gauntlet | Found a large runed translucent door.
  8486 | Gauntlet | Found a large runed translucent door.
  8486 | Gauntlet | Found a large runed translucent door.
  8487 | Gauntlet | Found a large runed translucent door.
  8487 | Gauntlet | Found a large runed translucent door.
  8496 | Gauntlet | Found a transporter.
  8511 | Gauntlet | Found a transporter.
  8516 | Gauntlet | Found a transporter.
  8520 | Gauntlet | Noticed a death yak
  8525 | Gauntlet | Noticed a death yak
  8526 | Gauntlet | Noticed a death yak
  8531 | Gauntlet | Found a transporter.
  8550 | Gauntlet | Found a transporter.
  8561 | Gauntlet | Noticed a hell beast
  8562 | Gauntlet | Found a transporter.
  8570 | Gauntlet | Found a transporter.
  8570 | Gauntlet | Found a transporter.
  8587 | Gauntlet | Found a transporter.
  8599 | Gauntlet | Found a transporter.
  8599 | Gauntlet | Noticed an orange crystal statue
  8611 | Gauntlet | Found a transporter.
  8626 | Gauntlet | Noticed an entropy weaver
  8628 | Gauntlet | Found a transporter.
  8646 | Gauntlet | Found a transporter.
  8648 | Gauntlet | Found a transporter.
  8666 | Gauntlet | Found a large runed translucent door.
  8667 | Gauntlet | Found a large runed translucent door.
  8671 | Gauntlet | Found a runed translucent gate.
  8671 | Gauntlet | Found a runed translucent gate.
  8671 | Gauntlet | Found a runed translucent gate.
  8673 | Gauntlet | Found a transporter.
  8675 | Gauntlet | Found a transporter.
  8681 | Gauntlet | Found a large runed translucent door.
  8682 | Gauntlet | Found a large runed translucent door.
  8789 | Gauntlet | Found a transporter.
  8944 | Gauntlet | Reached skill level 10 in Stealth
  8955 | Gauntlet | Identified the +1 helmet of the King of the Hill {rN+}
  9016 | Gauntlet | Reached skill level 5 in Fighting
  9016 | Gauntlet | Reached XP level 12. HP: 77/77 MP: 12/12
  9046 | Gauntlet | Identified the amulet of the Shining Light {RegenMP rN+
                  | Str+3 Dex+3}
  9142 | Gauntlet | Noticed a minotaur
  9149 | Gauntlet | Killed a minotaur
  9252 | D:11     | Reached **** piety under Hepliaklqana
  9252 | D:11     | Noticed a boulder beetle
  9262 | D:11     | Killed a boulder beetle
  9272 | D:11     | Identified the +3 mace "Detedaig" {spect, rC+ Str+5 Dex-5}
  9290 | D:11     | Noticed a two-headed ogre
  9294 | D:11     | Killed a two-headed ogre
  9295 | D:11     | Reached skill level 1 in Evocations
  9367 | D:11     | Noticed Josephine
  9385 | D:11     | Killed Josephine
  9386 | D:11     | Reached skill level 5 in Evocations
  9921 | D:12     | Identified the +6 halberd "Imp's Funeral" {flame, rElec rF-
                  | Int+3}
 10348 | D:12     | Got the Octavo of the Snake and the Xenotype
 10365 | D:12     | Reached skill level 1 in Invocations
 10518 | D:12     | Noticed a boulder beetle
 10533 | D:12     | Killed a boulder beetle
 10590 | D:12     | Noticed Nessos
 10633 | D:12     | Killed Nessos
 10634 | D:12     | Reached skill level 5 in Invocations
 10634 | D:12     | Reached XP level 13. HP: 84/88 MP: 15/17
 10669 | D:12     | You fall into a shaft and drop 1 floor!
 10844 | D:13     | Noticed an entropy weaver
 10852 | D:13     | Killed an entropy weaver
 10963 | D:13     | Found a transporter.
 10963 | D:13     | Noticed bakla's ghost (journeyman DsSh)
 10964 | D:13     | Found a transporter.
 11156 | D:13     | Got Ts'ui Pên's Incunabulum of Forking Paths
 11170 | D:13     | Noticed Jorgrun
 11176 | D:13     | Killed Jorgrun
 11287 | D:13     | Reached ***** piety under Hepliaklqana
 11337 | D:13     | Noticed Azrael
 11356 | D:13     | Killed Azrael
 11508 | D:13     | Found a gate to the Vaults.
 11508 | D:13     | Noticed a vault guard
 11517 | D:13     | Killed a vault guard
 11626 | D:13     | Got Wedoyss's Folio of Dhcmrlchtdj
 11633 | D:13     | Got the Incunable of Combed Thunderclap
 12032 | Lair:1   | Entered Level 1 of the Lair of Beasts
 12345 | Lair:1   | Found a frozen archway.
 12372 | IceCv    | Entered an ice cave
 12378 | IceCv    | Reached skill level 10 in Fighting
 12794 | IceCv    | Identified the ring of Kofet {*Slow Fly Will+ Int+6 Dex+4}
 13675 | Lair:2   | You fall into a shaft and drop 2 floors!
 14121 | Lair:4   | Reached XP level 14. HP: 103/103 MP: 20/20
 14799 | Lair:4   | Reached skill level 10 in Dodging
 15485 | Lair:3   | Identified the +10 sling of Vusus {heavy, Str+3 Dex+6}
 15921 | Lair:5   | Entered Level 5 of the Lair of Beasts
 15938 | Lair:5   | HP: 5/103 [elephant (14)]
 16073 | Lair:5   | Reached skill level 10 in Evocations
 16302 | Lair:5   | Found a staircase to the Slime Pits.
 16331 | Lair:5   | Reached skill level 1 in Ice Magic
 16337 | Lair:5   | Reached skill level 1 in Spellcasting
 16337 | Lair:5   | Reached skill level 1 in Summonings
 16394 | Lair:5   | Slain by an eight-headed hydra

Illustrated notes

Levels and vault maps discovered:
D:1:      minmay_arrival_doors, layout_loops_ring
D:2:      layout_loops_cross, basic_ecumenical_altar, basic_altar,
          hangedman_decor_riveting, uniq_jessica
D:3:      layout_rooms, mainiacjoe_overflow_alcove_1, uniq_sigmund
D:4:      layout_basic, grunt_qazlal_clouds,
          mainiacjoe_overflow_surrounded_room, minmay_temple_entry_purple_smoke,
          kennysheep_generic_room_2
D:5:      layout_basic, nicolae_dithmenos_the_darkroom
D:6:      layout_basic
D:7:      layout_loops_ring, mainiacjoe_overflow_paths, lemuel_round_altar,
          amcnicky_mini_rare_corridor_liquid, uniq_duvessa
D:8:      layout_rooms, trog_three_pillars_becter, enter_bailey_3,
          nicolae_good_shop
D:9:      layout_cave_pools, kennysheep_little_box,
          gammafunk_temple_overflow_wave, david_lair_generic
D:10:     layout_basic, erik_orc_1
D:11:     layout_basic, gauntlet_entry_generic, uniq_josephine
D:12:     layout_stronghold, introduction_to_nature_2, uniq_nessos
D:13:     layout_loops_ring, david_vaults_5, gammafunk_ghost_hive,
          bh_hangedman_babel_library, uniq_azrael, uniq_jorgrun
Temple:   nicolae_temple_godzebo
Lair:1:   layout_layer_cave, portal_ice_cave_entry_imps, kennysheep_rathole
Lair:2:   layout_loops_ring, elwin_shoals_entry_rooms,
          spider_nest_entry_web_field, nicolae_volcano_entry_batcave
Lair:3:   wad_woods_structure_01, layout_cave_pods, grunt_forest_stairs_basic
Lair:4:   layout_long_grid, special_room [special_room_mythical_zoo],
          serial_bayou_shore_b, grunt_megastairs_2
Lair:5:   evil_forest, layout_cave_shapes, nicolae_slime_entry_slimehenge,
          minmay_stone_trees_medium, serial_bayou_shore_b, lemuel_fruit_fields

Skill      XL: |  1  2  3  4  5  6  7  8  9 10 11 12 13 14 |
---------------+-------------------------------------------+-----
Fighting       | 3 4 5 8 12 | 12.0
Polearms       | 5 6 8 9 12 | 12.0
Dodging        | 5 6 10 | 10.0
Stealth        | 5 10 | 10.0
Armour         | 1 5 6 10 12 | 12.0
Evocations     | 7 10 | 10.0
Invocations    | 5 9 |  9.0
Ice Magic      | 1 |  1.8
Spellcasting   | 1 |  1.4
Summonings     | 1 |  1.6
Throwing       | |  2.0

Action                     |  1- 3 |  4- 6 |  7- 9 | 10-12 | 13-15 || total
---------------------------+-------+-------+-------+-------+-------++-------
  Melee: Trident           |    92 |    96 |   146 |       |       ||   334
         Punch             |       |       |     1 |       |       ||     1
         Glaive            |       |       |   164 |   503 |   499 ||  1166
         Tailslap          |       |       |       |     2 |       ||     2
  Throw: Throwing net      |       |     1 |     2 |     1 |     3 ||     7
 Invoke: Recall Ancestor   |       |       |     1 |     5 |     5 ||    11
         Ancestor Life: Kn |       |       |       |     1 |       ||     1
         Idealise          |       |       |       |       |     1 ||     1
         Transference      |       |       |       |       |     1 ||     1
  Evoke: Wand              |       |       |       |     1 |     9 ||    10
    Use: Scroll            |     7 |     3 |     8 |    11 |     6 ||    35
         Potion            |       |       |     1 |     1 |     3 ||     5
   Stab: Sleeping          |     1 |     1 |    13 |    15 |    24 ||    54
         Held in net/web   |       |     1 |     1 |     1 |     3 ||     6
         Distracted        |       |       |     3 |     7 |     8 ||    18
         Paralysed         |       |       |       |     3 |     2 ||     5
 Armour: Leather armour    |    29 |    18 |       |       |       ||    47
         Steam dragon scal |       |    21 |    58 |       |       ||    79
         Ring mail         |       |       |    13 |    49 |       ||    62
         Shadow dragon sca |       |       |       |   128 |   266 ||   394
  Dodge: Dodged            |    57 |    64 |   179 |   395 |   449 ||  1144

Table legend: (Time is in decaauts)
 A = Elapsed time spent in this place.
 B = Non-inter-level travel time spent in this place.
 C = Inter-level travel time spent in this place.
 D = Time resting spent in this place.
 E = Time spent auto-exploring this place.
 F = Levels seen in this place.
 G = Mean time per level.
                   A        B        C        D        E       F      G
               +--------+--------+--------+--------+--------+-----+--------+
         Total |  16495 |  15617 |    878 |   2912 |   9025 |  22 |  749.8 |
       Dungeon |  10714 |   9951 |    763 |   1679 |   6159 |  13 |  824.2 |
        Temple |     50 |      1 |     49 |      0 |      0 |   1 |   50.0 |
          Lair |   3924 |   3858 |     66 |    745 |   2330 |   5 |  784.8 |
        Bailey |    593 |    593 |      0 |    149 |    211 |   1 |  593.0 |
      Ice Cave |    484 |    484 |      0 |    248 |     21 |   1 |  484.0 |
      Gauntlet |    727 |    727 |      0 |     91 |    303 |   1 |  727.0 |
               +--------+--------+--------+--------+--------+-----+--------+

Top non-repeatable levels by time:
  Lair:4: 1631 daAuts
     D:5: 1559 daAuts
     D:7: 1158 daAuts
  Lair:1: 1154 daAuts
    D:13: 1040 daAuts
    D:11: 958 daAuts
     D:6: 849 daAuts
     D:9: 781 daAuts
     D:4: 779 daAuts
Gauntlet: 727 daAuts
     D:2: 711 daAuts
    D:10: 665 daAuts
     D:8: 641 daAuts
    D:12: 641 daAuts
  Lair:3: 637 daAuts
